 Dungeon Crawl Stone Soup version 0.31-b1-22-gc680215f68 (webtiles) character file.

Game seed: 16512861206938773933

117 Ashen the Magician (level 4, -2/32 HPs)
             Began as a Mummy Fire Elementalist on Jan 18, 2024.
             Slain by Sigmund
             ... wielding a +2 heavy scythe
              (16 damage)
             ... on level 3 of the Dungeon.
             The game lasted 00:09:04 (3384 turns).

Ashen the Magician (Mummy Fire Elementalist)        Turns: 3384, Time: 00:09:06

Health: -2/32      AC:  2    Str: 11    XL:     4   Next: 71%
Magic:  5/9        EV: 12    Int: 16    God:
Gold:   134        SH:  0    Dex: 12    Spells: 3/9 levels left

rFire   x . .        (no weapon)
rCold   + . .        (no shield)
rNeg    + + +        a - +0 robe
rPois   ∞            (no helmet)
rElec   .            (no cloak)
rCorr   .            (no gloves)
SInv    .            (no boots)
Will    .....        (no amulet)
Stlth   ++           (no ring)
HPRegen 0.25/turn    (no ring)
MPRegen 0.11/turn

%: faith
@: no status effects
A: cold resistance 1, negative energy resistance 3, torment resistance 2, heat
vulnerability 1, in touch with death 1, no potions, faith
a: no special abilities


You were on level 3 of the Dungeon.
You visited 1 branch of the dungeon, and saw 4 of its levels.

You collected 134 gold pieces.

Inventory:

Armour
 a - a +0 robe (worn)
Jewellery
 h - an amulet of regeneration
Scrolls
 b - a scroll of amnesia {unknown}
 c - 2 scrolls of identify {unknown}
 d - a scroll of poison {unknown}
 e - a scroll of acquirement {unknown}
 f - a scroll of brand weapon {unknown}
 g - 4 scrolls of noise {unknown}
 i - a scroll of fear {unknown}
 j - a scroll of revelation {unknown}


   Skills:
 + Level 1.4 Fighting
 + Level 2.1 Dodging
 + Level 2.3 Stealth
 + Level 3.4 Spellcasting
 + Level 1.6 Conjurations
 + Level 3.0 Fire Magic


You had 3 spell levels left.
You knew the following spells:

 Your Spells              Type           Power      Damage    Failure   Level
a - Foxfire               Conj/Fire      40%        2x1d6     7%          1
b - Scorch                Fire           24%        2d6       8%          2
c - Volatile Blastmotes   Fire/Tloc      14%        2d11      28%         3

Your spell library contained the following spells:

 Spells                   Type           Power      Damage    Failure   Level
 Inner Flame              Hex/Fire       7%         N/A       28%         3
 Call Canine Familiar     Summ           2%         N/A       47%         3
 Sigil of Binding         Hex            2%         N/A       47%         3
 Flame Wave               Conj/Fire      10%        2d6       56%         4
 Dimensional Bullseye     Hex/Tloc       1%         N/A       87%         4


Dungeon Overview and Level Annotations

Branches:
Dungeon (4/15)
 Temple: D:4-7

Altars:
Gozag
Xom

Shops:
D:1 :(

Annotations:
D:3 3 runed translucent doors, Sigmund; p0werm0de's ghost, amateur MiFi
D:4 Eustachio


Innate Abilities, Weirdness & Mutations

You are immune to poison.
Your flesh is cold resistant. (rC+)
You are immune to negative energy. (rN+++)
You are immune to unholy pain and torment.
You are vulnerable to heat. (rF-)
You are in touch with the powers of death.
You do not drink.
You have a special connection with the divine. (Faith)


Message History

Confirm with . or Enter, or press ? or * to list all spells.
You conjure some foxfire!
The foxfire hits the orc.
You kill the orc!
Your Fire Magic skill increases to level 3!
Casting: Foxfire (safe; 7% risk of failure)
Confirm with . or Enter, or press ? or * to list all spells.
You conjure some foxfire!
The foxfire hits the orc.
The orc is moderately wounded.
The foxfire hits the orc.
You kill the orc!
Magic restored.
HP restored.
There is an open door here.
The orc shouts!
There is an open door here.
There is an open door here.
Sigmund shouts!
Sigmund casts a spell.
Sigmund flickers and vanishes!
Deactivating autopickup; reactivate with Ctrl-A.
Casting: Foxfire (safe; 7% risk of failure)
Confirm with . or Enter, or press ? or * to list all spells.
You conjure some foxfire!
Casting: Foxfire (safe; 7% risk of failure)
Confirm with . or Enter, or press ? or * to list all spells.
You conjure some foxfire!
The foxfire hits something.
The foxfire hits something but does no damage.
Something hits you!!
Ouch! That really hurt!
Casting: Foxfire (safe; 7% risk of failure)
Confirm with . or Enter, or press ? or * to list all spells.
You conjure some foxfire!
The foxfire hits something. x2
Casting: Foxfire (safe; 7% risk of failure)
Confirm with . or Enter, or press ? or * to list all spells.
You conjure some foxfire!
The foxfire hits something but does no damage. x2
Something hits you!
Ouch! That really hurt!
You die...

###..##...###........... ####+##
#...#.###...##....#..#
#.....####...#.#..............#
#............'...#............#
#.<.@........##..'.............
###............##.##............#
..'.....)......##.##............#
###............##v##...........##
#.......#....§@v##...........##
####.####.####..##...........#
... .. #{.##....#'###### .###
#..#######.# .# #..# #.# #... #.#
#.## #.####### #.# #........
#########


There were no monsters in sight!

Vanquished Creatures
  6 adders
  6 orcs (D:3)
  8 bats
  4 endoplasms
  3 giant cockroaches
  3 goblins
  6 hobgoblins
  3 kobolds
  5 quokkas
  8 ball pythons
  2 rats
54 creatures vanquished.

Vanquished Creatures (others)
  162 foxfires
162 creatures vanquished.

Grand Total: 216 creatures vanquished

Notes
Turn   | Place    | Note
-------+----------+-------------------------------------------
     0 | D:1      | Ashen the Mummy Fire Elementalist began the quest for the
                  | Orb.
     0 | D:1      | Reached XP level 1. HP: 13/13 MP: 4/4
   294 | D:1      | Found Qutz's Vocational Training.
   324 | D:1      | Found Tuxtaowa's Weapon Shop.
   932 | D:2      | Reached skill level 1 in Conjurations
   932 | D:2      | Reached XP level 2. HP: 20/20 MP: 2/5
  1207 | D:2      | Reached XP level 3. HP: 18/25 MP: 3/7
  1446 | D:2      | Found a shimmering altar of Xom.
  1802 | D:3      | Noticed Sigmund
  1806 | D:3      | Reached skill level 1 in Fighting
  2119 | D:3      | Found a runed translucent gate.
  2120 | D:3      | Found a runed translucent gate.
  2120 | D:3      | Found an opulent altar of Gozag.
  2121 | D:3      | Found a runed translucent gate.
  2122 | D:3      | Noticed p0werm0de's ghost (amateur MiFi)
  2240 | D:3      | Reached XP level 4. HP: 32/32 MP: 5/8
  2336 | D:3      | You fall into a shaft and drop 1 floor!
  2411 | D:4      | Noticed Eustachio
  2801 | D:3      | Learned a level 2 spell: Scorch
  2805 | D:3      | Learned a level 3 spell: Volatile Blastmotes
  3384 | D:3      | Slain by Sigmund

Illustrated notes

Levels and vault maps discovered:
D:1:      spicycebolla_green_bress_n_ham_2, layout_basic, serial_shops,
          nicolae_square_shop, nicolae_shop_vocational
D:2:      layout_loops_ring, basic_altar
D:3:      minmay_skewed_foursquare, layout_basic, ebering_ghost_gozag,
          minmay_misc_feat_ornament, minivault_25, uniq_sigmund
D:4:      nicolae_cairo_tiling_large_dashed, layout_layer_cave, zin_purify,
          hangedman_decor_push, uniq_menkaure, uniq_eustachio, uniq_duvessa,
          uniq_grinder

Skill      XL: |  1  2  3  4 |
---------------+-------------+-----
Conjurations   | 1 |  1.6
Spellcasting   | 3 |  3.4
Stealth        | 2 |  2.3
Fighting       | 1 |  1.4
Dodging        | 2 |  2.1
Fire Magic     | 3 |  3.0

Action                     |  1- 3 |  4- 6 || total
---------------------------+-------+-------++-------
  Melee: Unarmed           |     6 |    13 ||    19
   Cast: Foxfire           |    50 |    52 ||   102
 Armour: Robe              |    30 |    56 ||    86
  Dodge: Dodged            |    30 |    53 ||    83
